 Dungeon Crawl Stone Soup version 0.30.0-11-gf55b779eaf (webtiles) character file.

Game seed: 279218340281155372

123 JanusIIV the Poker (level 5, 0/42 HPs)
             Began as a Merfolk Warper on May 17, 2023.
             Killed by nerve-wracking pain
             ... invoked by an orc priest
              (4 damage)
             ... on level 3 of the Dungeon.
             The game lasted 00:04:23 (2414 turns).

JanusIIV the Poker (Merfolk Warper)                 Turns: 2414, Time: 00:04:24

Health: 0/42       AC:  3    Str: 14    XL:     5   Next: 7%
Magic:  8/8        EV: 12    Int: 12    God:
Gold:   124        SH:  0    Dex: 13    Spells: 8/8 levels left

rFire   . . .        a - +0 spear
rCold   . . .        (no shield)
rNeg    . . .        b - +0 leather armour
rPois   .            (no helmet)
rElec   .            (no cloak)
rCorr   .            (no gloves)
SInv    .            (no boots)
Will    .....        m - amulet of regeneration
Stlth   +            (no ring)
HPRegen 1.07/turn    (no ring)
MPRegen 0.11/turn

%: no passive effects
@: confused, attractive
A: (nimble swimmer 2), mertail
a: no special abilities


You were on level 3 of the Dungeon.
You visited 1 branch of the dungeon, and saw 3 of its levels.

You collected 124 gold pieces.

Inventory:

Hand Weapons
 a - a +0 spear (weapon)
Missiles
 d - 7 boomerangs of dispersal (quivered)
 g - 9 boomerangs
Armour
 b - a +0 leather armour (worn)
 i - a +0 chain mail
Jewellery
 m - an amulet of regeneration (around neck)
Scrolls
 c - 2 scrolls of blinking
 e - a scroll of magic mapping {unknown}
 h - a scroll of noise {unknown}
 j - 3 scrolls of identify {unknown}
 l - a scroll of poison {unknown}
 o - a scroll of silence {unknown}
Potions
 f - a potion of attraction
 k - a potion of ambrosia
 n - a potion of resistance {unknown}


   Skills:
 + Level 3.7 Fighting
 + Level 5.6 Polearms
 - Level 1.0 Throwing
 - Level 0.6 Armour
 - Level 2.6 Dodging
 - Level 2.0 Spellcasting
 - Level 2.4 Translocations


You had 8 spell levels left.
You didn't know any spells.
Your spell library contained the following spells:

 Spells                   Type           Power      Damage    Failure   Level
 Blink                    Tloc           12%        N/A       21%         2
 Lesser Beckoning         Tloc           12%        N/A       21%         2
 Teleport Other           Tloc           6%         N/A       36%         3
 Scorch                   Fire           2%         2d5       45%         2
 Vhi's Electric Charge    Tloc/Air       8%         N/A       54%         3
 Manifold Assault         Tloc           6%         N/A       78%         4
 Flame Wave               Conj/Fire      1%         2d4       98%         4
 Summon Cactus Giant      Summ           0%         N/A       100%        6


Dungeon Overview and Level Annotations

Branches:
Dungeon (3/15)

Altars:

Shops:
D:3 *


Innate Abilities, Weirdness & Mutations

((You are very nimble when in or above water. (Stealth+, EV+, Speed+++)))
Your lower body shifts to a powerful aquatic tail in water.


Message History

You're too confused to move!
The orc priest completely misses you. Something hits you.
A magic dart appears from out of thin air!
The magic dart hits you. Something is attracted toward you.
You hit the orc priest.
The orc priest is heavily wounded.
The orc priest begins to cast a cantrip, but forgets the words!
Something hits you.
You hit the orc priest but do no damage.
The orc priest is heavily wounded.
You feel less confused. The orc priest closely misses you.
You hear some strange, mumbled words.
A magic dart appears from out of thin air!
The magic dart hits you!
You closely miss the orc priest.
The orc priest is heavily wounded.
The orc priest mumbles some strange prayers to Beogh against you.
Beogh smites you! Something hits you. Something hits you but does no damage.
You completely miss the orc priest.
The orc priest is heavily wounded.
The orc priest mumbles some strange prayers to Beogh against you.
You barely resist. Something hits you. x2
You hit the orc priest but do no damage.
The orc priest is heavily wounded.
You hit the orc priest.
The orc priest is heavily wounded.
You hear some strange, mumbled words.
You are confused.
The orc priest closely misses you. Something hits you. Something hits you.
* * * LOW HITPOINT WARNING * * *
The orc priest invokes the aid of Beogh against you.
Beogh smites you!
* * * LOW HITPOINT WARNING * * *
You hear some strange, mumbled words.
You are too confused!
The orc priest invokes the aid of Beogh against you.
Pain shoots through your body!
You die...

## #...# #.P##.#.#
.P.#.#.##############
#..........†......
######...............<.
#........##############
#........# ### #.
#........+ ##..
#..####..@{.#+### #...
#.. #..o{....... ##..#
#.# #........... #...#
#..##........... #P..#
#..#.....#+###+# #...#
#...##### #.#


#PPP# ######.### #.# #..P# #....#)..###.# #.# ##P.# +....'.....#.###'#####..b
You could see an orc priest.

Vanquished Creatures
  Terence (D:2)
  3 adders
  A gnoll (D:1)
  A worm (D:2)
  2 dart slugs
  2 orcs (D:3)
  2 endoplasms (D:2)
  4 giant cockroaches
  3 hobgoblins
  3 jackals (D:3)
  5 kobolds
  2 quokkas
  5 ball pythons
  6 bats
  2 frilled lizards (D:2)
  4 goblins
  8 rats
54 creatures vanquished.

Notes
Turn   | Place    | Note
-------+----------+-------------------------------------------
     0 | D:1      | JanusIIV the Merfolk Warper began the quest for the Orb.
     0 | D:1      | Reached XP level 1. HP: 16/16 MP: 3/3
    69 | D:1      | Reached skill level 3 in Polearms
    78 | D:1      | Reached XP level 2. HP: 8/23 MP: 5/5
   332 | D:1      | Reached XP level 3. HP: 28/28 MP: 6/6
   408 | D:1      | Reached skill level 4 in Polearms
  1015 | D:2      | Noticed Terence
  1060 | D:2      | Killed Terence
  1061 | D:2      | Reached XP level 4. HP: 3/35 MP: 7/7
  1322 | D:2      | Reached skill level 5 in Polearms
  2244 | D:3      | Found Wuihivih's Assorted Antiques.
  2309 | D:3      | Reached XP level 5. HP: 42/42 MP: 8/8
  2414 | D:3      | Killed from afar by an orc priest

Illustrated notes

Levels and vault maps discovered:
D:1:      minmay_arrival_wavy_path, layout_basic, minmay_bisected
D:2:      layout_loops_cross, serial_glass, glass_columns_b, glass_columns_b,
          uniq_terence
D:3:      layout_basic, serial_aquarium, aquarium_bridge_long_joined
          [aquarium_subvault_wall, aquarium_subvault_bridge,
          aquarium_subvault_bridge, aquarium_subvault_bridge,
          aquarium_subvault_bridge, aquarium_subvault_wall],
          aquarium_bridge_island_small [aquarium_subvault_small_open,
          aquarium_subvault_window, aquarium_subvault_balcony,
          aquarium_subvault_wall, aquarium_subvault_bridge],
          aquarium_window_double, aquarium_window_2, aquarium_window_corridor_1,
          aquarium_view_2d, serial_shops, nicolae_shop_behind_doors

Skill      XL: |  1  2  3  4 |
---------------+-------------+-----
Polearms       | 3 4 5 |  5.6
Fighting       | 3 |  3.7
Throwing       | |  1.0
Armour         | |  0.6
Dodging        | |  2.6
Spellcasting   | |  2.0
Translocations | |  2.4

Action                     |  1- 3 |  4- 6 || total
---------------------------+-------+-------++-------
  Melee: Spear             |   113 |   147 ||   260
         Punch             |     1 |       ||     1
    Use: Potion            |     2 |     2 ||     4
 Armour: Leather armour    |    31 |    27 ||    58
  Dodge: Dodged            |    71 |    64 ||   135
